 Dungeon Crawl Stone Soup version 0.30-a0-465-g8901f6c8b5 (webtiles) character file.

Game seed: 1657574968352808641

353 tilp the Trooper (level 7, -2/59 HPs)
             Began as a Meteoran Fighter on Dec 18, 2022.
             Was an Initiate of Okawaru.
             Killed by divine providence
             ... invoked by an orc priest
              (14 damage)
             ... on level 6 of the Dungeon.
             The game lasted 00:04:51 (754 turns).

tilp the Trooper (Meteoran Fighter)                  Turns: 754, Time: 00:04:52

Health: -2/59      AC:  7    Str: 17    XL:     7   Next: 16%
Magic:  8/8        EV: 11    Int: 10    God:    Okawaru [......]
Gold:   150        SH:  5    Dex: 16    Spells: 6/6 levels left

rFire   . . .      SeeInvis .    a - +0 long sword
rCold   . . .      Faith    .    c - +0 buckler
rNeg    . . .      Spirit   .    b - +0 scale mail
rPois   .          Reflect  .    (no helmet)
rElec   .          Harm     .    (no cloak)
rCorr   .          Rampage  .    (no gloves)
Will    .....                    (no boots)
Stlth   +.........               (no amulet)
HPRegen 0.29/turn                (no ring)
MPRegen 0.11/turn                (no ring)

@: glowing
A: sense surroundings 1, otherworldly, glowing, explore regen
a: Renounce Religion


You were on level 6 of the Dungeon.
You worshipped Okawaru.
Okawaru was noncommittal.
You visited 2 branches of the dungeon, and saw 8 of its levels.

You collected 150 gold pieces.

Inventory:

Hand Weapons
 a - a +0 long sword (weapon)
Missiles
 h - 4 boomerangs (quivered)
Armour
 b - a +0 scale mail (worn)
 c - a +0 buckler (worn)
Potions
 e - a potion of curing {unknown}


   Skills:
 + Level 4.2 Fighting
 + Level 4.2 Long Blades
 + Level 1.1 Throwing
 - Level 4.0 Armour
 + Level 4.2 Dodging
 + Level 2.2 Stealth
 - Level 4.0 Shields


You had 6 spell levels left.
You didn't know any spells.
Your spell library contained the following spells:

 Spells                   Type           Power      Damage    Failure   Level
 Ensorcelled Hibernation  Hex/Ice        0%         N/A       94%         2
 Gell's Gravitas          Tloc           0%         N/A       99%         3
 Spider Form              Tmut/Pois      0%         N/A       99%         3
 Teleport Other           Tloc           0%         N/A       99%         3
 Anguish                  Hex/Necr       0%         N/A       100%        4
 Dispersal                Tloc           0%         N/A       100%        6


Dungeon Overview and Level Annotations

Branches:
Dungeon (7/15) Zot: 3443   Temple (1/1) D:6 Zot: 569

Altars:
Ashenzari
Dithmenos
Fedhas
Gozag
Makhleb
Okawaru
Qazlal
Sif Muna
Trog
Uskayaw
Vehumet
Wu Jian
Zin
The Shining One

Shops:
D:4 =

Annotations:
D:4 3 runed translucent doors, Gnu's ghost, novice MiFi
Temple 2 transporters


Innate Abilities, Weirdness & Mutations

You passively map a small area around you.
You are easily found by Zot.
You glow in the dark.
You regain HP and MP as you explore.


Message History

* * * LOW HITPOINT WARNING * * *
The centaur closely misses you.
Unknown command.
You closely miss the centaur.
The centaur is severely wounded.
You block the centaur's attack. The centaur barely misses you.
You slash the centaur!
You kill the centaur!
Okawaru is honoured by your kill.
Your Throwing skill increases to level 1!
You have reached level 7!
Things that are here:
a +0 shortbow; a centaur corpse You open the door.
An orc priest comes into view. It is wielding a +0 short sword.
The orc priest shouts!
An orc priest comes into view. It is wielding a +0 dagger.
The orc priest shouts!
An orc wizard comes into view. It is wielding a +0 dagger.
There is an open door here.
You close the door.
You start waiting.
The orc wizard shouts!
The orc priest hits you with a +0 short sword.
There is an open door here.
You closely miss the orc priest.
The orc priest hits you but does no damage.
An orc wizard comes into view. It is wielding a +0 dagger.
The orc priest mumbles some strange prayers to Beogh against you.
Beogh smites you!
* * * LOW HITPOINT WARNING * * *
You hit the orc priest.
The orc priest is moderately wounded.
You block the orc priest's attack.
You hit the orc priest.
The orc priest is severely wounded.
The orc priest barely misses you.
The orc priest calls down the wrath of Beogh upon you.
Beogh smites you!
You die...

,#. , , ,
,#.##+#########, ,*
#............# .
#............#
..#.#.#.......)....#
..................#,
.....#...........# *
,....##..........#,
* #.#..##...###@###
##.##..##..# #o# ,
.##...##....## #o# *
....>.......# #o# ,
, .##...##....# #o#
** * ..##.##..##.#
#.# #..#.#..##..#
#.# ##.....##..##
#.# * .#.....#..# *
*


You could see 2 orc priests and 2 orc wizards.

Vanquished Creatures
  An ice beast (D:6)
  A centaur (D:6)
  Blork the orc (D:6)
  A bullfrog (D:6)
  An iguana (D:7)
  An ufetubus (D:6)
  2 worms
  2 dart slugs
  6 orcs
  2 ball pythons
  2 endoplasms
  2 goblins
  A hobgoblin (D:3)
23 creatures vanquished.

Notes
Turn   | Place    | Note
-------+----------+-------------------------------------------
     0 | D:1      | tilp the Meteoran Fighter began the quest for the Orb.
     0 | D:1      | Reached XP level 1. HP: 19/19 MP: 2/2
    41 | D:2      | Reached XP level 2. HP: 26/26 MP: 3/3
    54 | D:2      | Reached skill level 1 in Dodging
   221 | D:3      | Reached XP level 3. HP: 12/31 MP: 4/4
   320 | D:5      | Entered Level 5 of the Dungeon
   352 | D:4      | Found a runed translucent gate.
   353 | D:4      | Found a runed translucent gate.
   353 | D:4      | Found a runed translucent gate.
   359 | D:4      | Noticed Gnu's ghost (novice MiFi)
   397 | D:4      | Found Kawk's Jewellery Shoppe.
   397 | D:4      | You fall into a shaft and drop 2 floors!
   405 | D:7      | Noticed a phantom
   445 | D:6      | Noticed Blork the orc
   453 | D:6      | Killed Blork the orc
   454 | D:6      | Reached skill level 1 in Stealth
   454 | D:6      | Reached XP level 4. HP: 13/40 MP: 5/5
   454 | D:6      | Reached XP level 5. HP: 15/46 MP: 6/6
   463 | D:6      | Noticed an ice beast
   466 | D:6      | Killed an ice beast
   467 | D:6      | Reached XP level 6. HP: 28/52 MP: 7/7
   674 | D:6      | Found a staircase to the Ecumenical Temple.
   682 | Temple   | Entered the Ecumenical Temple
   682 | Temple   | Found a transporter.
   682 | Temple   | Found a transporter.
   684 | Temple   | Found a transporter.
   684 | Temple   | Found a transporter.
   695 | Temple   | Became a worshipper of Warmaster Okawaru
   723 | D:6      | Noticed a centaur
   740 | D:6      | Killed a centaur
   741 | D:6      | Reached skill level 1 in Throwing
   741 | D:6      | Reached XP level 7. HP: 21/59 MP: 8/8
   754 | D:6      | Killed from afar by an orc priest

Illustrated notes

Levels and vault maps discovered:
D:1:      tarquinn_simple_flora_water_b, layout_rooms,
          dreamdust_princess_corridor, kennysheep_boxes
D:2:      layout_basic, nicolae_figureground_pulse
D:3:      layout_loops_ring
D:4:      layout_basic, ebering_ghost_rock_garden, serial_shops, shop_statue
D:5:      layout_cave_pods, serial_shops, nicolae_inconvenience_store,
          chequers_serial_rivers_micro_c, minmay_misc_feat_four_crosses
D:6:      layout_basic, minmay_temple_entry_waves, ebering_ghost_gozag,
          uniq_blork_the_orc, uniq_menkaure, uniq_duvessa
D:7:      layout_loops_cross
Temple:   hellmonk_temple_divided_pantheon

Skill      XL: |  1  2  3  4  5  6 |
---------------+-------------------+-----
Dodging        | 1 2 3 4 |  4.2
Long Blades    | 3 4 |  4.2
Armour         | 4 |  4.0
Stealth        | 1 2 |  2.2
Shields        | 4 |  4.0
Fighting       | 4 |  4.2
Throwing       | 1 |  1.1

Action                   |  1- 3 |  4- 6 |  7- 9 || total
-------------------------+-------+-------+-------++-------
Melee: Long sword        |    71 |    36 |     3 ||   110
  Use: Scroll            |     4 |     1 |       ||     5
       Potion            |     2 |       |       ||     2
Armor: Scale mail        |    24 |    17 |     1 ||    42
Dodge: Dodged            |    28 |    22 |     1 ||    51
Block: Buckler           |    16 |    12 |     1 ||    29

Table legend: (Time is in decaauts)
 A = Elapsed time spent in this place.
 B = Non-inter-level travel time spent in this place.
 C = Inter-level travel time spent in this place.
 D = Time resting spent in this place.
 E = Time spent auto-exploring this place.
 F = Levels seen in this place.
 G = Mean time per level.
                   A        B        C        D        E       F      G
               +--------+--------+--------+--------+--------+-----+--------+
         Total |    786 |    771 |     15 |      3 |      0 |   8 |   98.2 |
       Dungeon |    755 |    740 |     15 |      3 |      0 |   7 |  107.9 |
        Temple |     30 |     30 |      0 |      0 |      0 |   1 |   30.0 |
               +--------+--------+--------+--------+--------+-----+--------+

Top non-repeatable levels by time:
     D:6: 309 daAuts
     D:3: 193 daAuts
     D:4: 122 daAuts
     D:2: 78 daAuts
     D:7: 32 daAuts
  Temple: 30 daAuts
     D:1: 18 daAuts
     D:5: 1 daAuts
